 Dungeon Crawl Stone Soup version 0.22-a0-15-g4f60a598d5 (webtiles) character file.

54 NixNut the Skirmisher (level 3, -1/29 HPs)
             Began as a Demonspawn Abyssal Knight on Jan 2, 2018.
             Was a Follower of Lugonu.
             Slain by an orc wizard
             ... wielding a +0 dagger
              (3 damage)
             ... on level 2 of the Dungeon.
             The game lasted 00:06:18 (1600 turns).

NixNut the Skirmisher (Demonspawn Abyssal Knight)   Turns: 1600, Time: 00:06:19

Health: -1/29      AC:  5    Str: 18    XL:     3   Next: 66%
Magic:  5/5        EV: 11    Int: 13    God:    Lugonu [*.....]
Gold:   97         SH:  0    Dex: 12    Spells: 2/2 levels left

rFire    . . .     SeeInvis .   a - +1 short sword
rCold    . . .     Gourm    .   (no shield)
rNeg     . . .     Faith    .   j - +2 leather armour {rPois}
rPois    +         Spirit   .   (no helmet)
rElec    .         Reflect  .   (no cloak)
rCorr    .         Harm     .   (no gloves)
MR       .....                  (no boots)
Stlth    +.........             (no amulet)
HPRegen  0.09/turn              (no ring)
MPRegen  0.09/turn              (no ring)

@: mighty
A: rot immunity
a: Depart the Abyss, Renounce Religion


You were on level 2 of the Dungeon.
You worshipped Lugonu.
Lugonu was aware of your devotion.
You were not hungry.

You visited 1 branch of the dungeon, and saw 2 of its levels.
You visited the Abyss 1 time.

You collected 97 gold pieces.

Inventory:

Hand Weapons
 a - a +1 short sword (weapon)
Armour
 j - a +2 leather armour of poison resistance (worn)
Scrolls
 b - a scroll of blinking {unknown}
 g - a scroll of fog {unknown}
 h - a scroll of identify
 i - 2 scrolls of remove curse {unknown}
Comestibles
 c - a ration
 f - 6 chunks of flesh


   Skills:
 + Level 3.3 Fighting
 * Level 2.6 Short Blades
 + Level 2.3 Armour
 - Level 0.8 Dodging
 + Level 3.2 Invocations


You had 2 spell levels left.
You didn't know any spells.

Dungeon Overview and Level Annotations

Branches:
Dungeon (2/15)

Altars:


Innate Abilities, Weirdness & Mutations

You are immune to rotting.


Message History

* * * LOW HITPOINT WARNING * * *
Something hits you but does no damage. The orc completely misses you.
You hit the orc.
You kill the orc!
Lugonu accepts your kill. Something hits you but does no damage.
The orc hits you but does no damage.
It was a potion of might.
You feel very mighty all of a sudden. Something hits you.
* * * LOW HITPOINT WARNING * * *
The orc hits you.
* * * LOW HITPOINT WARNING * * *
Something hits you but does no damage. The orc closely misses you.
Things that are here:
a hand axe; a runed leather armour; an orc corpse You puncture the orc!
You kill the orc!
Lugonu accepts your kill. Something hits you.
You die...

##.#.#.....
.........####.#......#
########....#.#......#
## #.# #..##.....
.#######)###..##...## #
...#..†.......#.....##.#
##.#.#.÷...........%....
#.#.#..........†.......
##...#..........@..#
######..##....##..##
.............###).#
###.#...##.#.###(.# #
#.##..#.....##..# #
#............#... .
......#.....###.## #
##########.### .# #
##...# ..


There were no monsters in sight!

Vanquished Creatures
  2 oozes (D:1)
  2 worms
  3 orcs (D:2)
  A giant cockroach (D:1)
  A goblin (D:1)
  7 hobgoblins (D:1)
  4 bats
  2 frilled lizards (D:2)
  8 kobolds
  9 rats
39 creatures vanquished.

Notes
Turn   | Place    | Note
-------+----------+-------------------------------------------
     0 | Abyss:1  | NixNut the Demonspawn Abyssal Knight began the quest for the Orb.
     0 | Abyss:1  | Reached XP level 1. HP: 18/18 MP: 2/2
    65 | Abyss:1  | Noticed a spatial maelstrom
    70 | Abyss:1  | Noticed a spatial vortex
    75 | D:1      | Escaped the Abyss
   389 | D:1      | Gained mutation: You are immune to rotting. [demonic ancestry]
   389 | D:1      | Reached XP level 2. HP: 20/24 MP: 4/4
   794 | D:1      | Reached * piety under Lugonu
  1093 | D:1      | Reached XP level 3. HP: 27/29 MP: 5/5
  1598 | D:2      | HP: 1/29 [orc (2)]
  1600 | D:2      | Slain by an orc wizard

Vault maps used:
D:1:      onia_arrival_handbag
D:2:      lemuel_crystal_altar, marbit_many_paths, serial_co_window_serial,
          co_window_paths_a, co_window_paths_b, co_window_cross_1,
          co_window_paths_a, co_window_of_opportunity_a, co_window_corner_a,
          co_window_paths_a, co_window_cross_1, co_window_paths_a,
          co_window_unsneaky_path_a, co_window_corner_cb, co_window_corner_cb,
          co_window_paths_c, co_window_corner_b, co_window_corner_ca,
          co_window_unsneaky_path_e, glass_columns_a, glass_columns_c

Skill      XL: |  1  2  3 |
---------------+----------+-----
Short Blades   | 2 |  2.6
Armour         | 2 |  2.3
Invocations    | 3 |  3.2
Fighting       | |  3.3
Dodging        | |  0.8

Action                   || total
-------------------------++-------
Melee: Short sword       ||   134
Invok: Depart the Abyss  ||     1
  Use: Scroll            ||     1
       Potion            ||     3
 Stab: Sleeping          ||     1
  Eat: Chunk             ||     2
Armor: Leather armour    ||    34
Dodge: Dodged            ||    82

Table legend:
 A = Spawn XP
 B = Non-spawn XP
 C = Spawn XP percentage of total XP
 D = Spawn monster count
 E = Non-spawn monster count
 F = Spawn count percentage of total count
 G = Total turns spent on level
                    A         B        C        D         E        F      G
               +---------+---------+-------+---------+---------+-------+---------
         Total |       0 |      78 |   0.0 |       0 |      39 |   0.0 |  1600
               +---------+---------+-------+---------+---------+-------+---------
           D:1 |       0 |      53 |   0.0 |       0 |      27 |   0.0 |  1311
           D:2 |       0 |      25 |   0.0 |       0 |      12 |   0.0 |   214
               +---------+---------+-------+---------+---------+-------+---------
